[Event "ICC tourney 2029 (45 10)"]
[Site "Internet Chess Club"]
[Date "2020.10.03"]
[Round "2"]
[White "CoastalJourney"]
[Black "castle2king"]
[Result "0-1"]
[ICCResult "White checkmated"]
[WhiteElo "1660"]
[BlackElo "1584"]
[Opening "King's Indian: Petrosian system, Stein variation"]
[ECO "E92"]
[NIC "KI.17"]
[Time "13:32:30"]
[TimeControl "2700+10"]

1. d4 Nf6 2. c4 g6 3. Nc3 Bg7 4. Nf3 O-O 5. e4 d6 6. Be2 e5 7. d5 a5 8. O-O
Na6 9. Be3 Nc5 10. Nd2 b6 11. f3 Nfd7 12. Nb3 f5 13. Nxc5 Nxc5 14. Qc2 f4
15. Bf2 g5 16. Rfd1 h5 17. a3 g4 18. b4 Na6 19. bxa5 Qg5 20. Kf1 g3 21. hxg3
fxg3 22. Bg1 h4 23. Qd2 Rf4 24. Bd3 h3 25. Be3 hxg2+ 26. Kxg2 Bh3+ 27. Kg1
Kf7 28. Bxf4 exf4 29. Ne2 Be5 30. Bc2 Qh4 31. Nd4 Bxd4+ 32. Qxd4 Bg2 33.
Kxg2 Qh2+ 34. Kf1 g2+ 35. Ke2 g1=Q+ 36. Kd3 Qxd4+ 37. Kxd4 Qxc2 38. Rac1
Qb2+ 39. Kd3 Nc5# {White checkmated} 0-1

[Event "ICC tourney 2029 (45 10)"]
[Site "Internet Chess Club"]
[Date "2020.10.03"]
[Round "2"]
[White "Deveshc"]
[Black "AJM04"]
[Result "0-1"]
[ICCResult "White checkmated"]
[WhiteElo "1505"]
[BlackElo "2010"]
[Opening "Sicilian: Smith-Morra gambit"]
[ECO "B21"]
[NIC "SI.47"]
[Time "13:32:16"]
[TimeControl "2700+10"]

1. e4 c5 2. d4 cxd4 3. c3 Nf6 4. e5 Nd5 5. cxd4 Nc6 6. Nf3 d6 7. exd6 Qxd6
8. Nc3 Bg4 9. Nxd5 Qxd5 10. Be3 Bxf3 11. gxf3 g6 12. Qc2 Bg7 13. Be2 O-O 14.
Rd1 Rac8 15. Qc4 Qa5+ 16. Bd2 Qb6 17. Qb3 Qxb3 18. axb3 Nxd4 19. Bc3 Nxe2
20. Bxg7 Kxg7 21. Kxe2 Rc2+ 22. Rd2 Rxd2+ 23. Kxd2 Rd8+ 24. Kc3 Kf6 25. Ra1
a6 26. Ra4 Rd6 27. Rc4 Ke6 28. Re4+ Kd7 29. Rf4 f5 30. Rh4 h5 31. Rc4 e5 32.
Ra4 Rd1 33. Ra5 Kd6 34. Kc4 Rc1+ 35. Kd3 h4 36. Ra4 g5 37. Ra5 h3 38. f4
gxf4 39. Ke2 Rh1 40. Kf3 Rxh2 41. Ra1 e4+ 42. Kxf4 Rxf2+ 43. Kg3 Rf3+ 44.
Kh2 Rxb3 45. Rd1+ Ke5 46. Rd2 f4 47. Rc2 b6 48. Rd2 e3 49. Re2 f3 50. Re1 f2
51. Rf1 Rxb2 52. Kxh3 Rb1 53. Rxb1 e2 54. Kg2 e1=Q 55. Rb5+ axb5 56. Kf3
f1=Q+ 57. Kg4 Qf5# {White checkmated} 0-1

[Event "ICC tourney 2029 (45 10)"]
[Site "Internet Chess Club"]
[Date "2020.10.03"]
[Round "2"]
[White "mopaska1106"]
[Black "orwind"]
[Result "1/2-1/2"]
[ICCResult "Game drawn by mutual agreement"]
[WhiteElo "1947"]
[BlackElo "1510"]
[Opening "Benkö gambit accepted"]
[ECO "A58"]
[NIC "BI.45"]
[Time "13:32:32"]
[TimeControl "2700+10"]

1. d4 Nf6 2. c4 c5 3. d5 b5 4. cxb5 a6 5. bxa6 e6 6. Nc3 Bxa6 7. e4 Bxf1 8.
Kxf1 d6 9. g3 Nbd7 10. Kg2 Nb6 11. a4 exd5 12. exd5 Qd7 13. Nf3 Be7 14. Re1
O-O 15. Bg5 Rfe8 16. a5 Nc4 17. Na4 Qb7 18. Nb6 Nxb6 19. axb6 h6 20. Bxf6
Bxf6 21. Rxa8 Rxa8 22. Qb3 Ra6 23. Re8+ Kh7 24. Qd3+ g6 25. Rb8 Qxb8 26.
Qxa6 Bd8 27. b7 Kg7 28. Nd2 Kf6 29. Nc4 Bc7 30. Qa8 Ke7 31. Na5 Kd7 32. Nc6
Qe8 33. b8=Q Qe4+ {Game drawn by mutual agreement} 1/2-1/2

[Event "ICC tourney 2029 (45 10)"]
[Site "Internet Chess Club"]
[Date "2020.10.03"]
[Round "2"]
[White "mnm2"]
[Black "IndianTerritory"]
[Result "0-1"]
[ICCResult "White resigns"]
[WhiteElo "1294"]
[BlackElo "2001"]
[Opening "Caro-Kann: advance variation"]
[ECO "B12"]
[NIC "CK.04"]
[Time "13:32:32"]
[TimeControl "2700+10"]

1. e4 c6 2. d4 d5 3. e5 Bf5 4. Nc3 e6 5. Nf3 Nd7 6. Be2 Ne7 7. O-O Ng6 8.
Be3 Bb4 9. a3 Bxc3 10. bxc3 c5 11. Rb1 Qc8 12. Bb5 c4 13. Qd2 a6 14. Bxd7+
Qxd7 15. Rb2 O-O 16. Rfb1 Rfb8 17. Rb6 Ra7 18. Rd6 Qa4 19. Rb2 Qxa3 20. Qc1
b5 21. Bd2 f6 22. Rc6 fxe5 23. Nxe5 Nxe5 24. dxe5 Raa8 25. Rd6 a5 26. Qb1 b4
27. Ra2 bxc3 {White resigns} 0-1

[Event "ICC tourney 2029 (45 10)"]
[Site "Internet Chess Club"]
[Date "2020.10.03"]
[Round "2"]
[White "pianoboy"]
[Black "TjkTiger"]
[Result "0-1"]
[ICCResult "White resigns"]
[WhiteElo "1907"]
[BlackElo "2600"]
[Opening "King's Indian: Makagonov system (5.h3)"]
[ECO "E71"]
[NIC "KI.20"]
[Time "13:33:09"]
[TimeControl "2700+10"]

1. d4 Nf6 2. c4 g6 3. Nc3 Bg7 4. e4 d6 5. h3 O-O 6. Nf3 c5 7. Be3 cxd4 8.
Nxd4 b6 9. Be2 Bb7 10. Qc2 Nbd7 11. O-O Nc5 12. Bf3 Nfd7 13. b4 Na6 14. a3
Nc7 15. Be2 a6 16. f4 e5 17. Nf3 exf4 18. Bxf4 Qf6 19. Bd2 Ne6 20. Nd5 Bxd5
21. exd5 Nd4 22. Nxd4 Qxd4+ 23. Kh1 Qh4 24. Rac1 Be5 25. Be1 Bg3 26. Bxg3
Qxg3 27. a4 a5 28. Rf3 Qg5 29. Rb3 Rfe8 30. Rd1 axb4 31. Rxb4 Re3 32. Rb3
Rae8 33. Qd2 Nc5 34. Rxe3 Qxe3 35. Qxe3 Rxe3 36. Bg4 h5 37. Bc8 Re8 38. Rb1
Rxc8 39. Rxb6 Nxa4 40. Rxd6 Rxc4 41. Rd8+ Kg7 42. Kg1 Rd4 43. Kf2 Nc3 44. d6
Rxd6 45. Ra8 Rd2+ 46. Kg1 {White resigns} 0-1

[Event "ICC tourney 2029 (45 10)"]
[Site "Internet Chess Club"]
[Date "2020.10.03"]
[Round "2"]
[White "bonnelleo1"]
[Black "GGuseinov"]
[Result "0-1"]
[ICCResult "White resigns"]
[WhiteElo "1942"]
[BlackElo "2715"]
[Opening "King's Indian: London system"]
[ECO "A45"]
[NIC "QP.03"]
[Time "13:32:55"]
[TimeControl "2700+10"]

1. d4 Nf6 2. Bf4 g6 3. Nf3 Bg7 4. e3 O-O 5. Be2 d6 6. c4 Nbd7 7. Nc3 Nh5 8.
Bg5 h6 9. Bh4 c5 10. g4 cxd4 11. Nxd4 Nhf6 12. g5 hxg5 13. Bxg5 Qa5 14. h4
Ne4 15. Bxe7 Re8 16. Bg5 Nxc3 17. bxc3 Nc5 18. Kf1 Ne4 19. Nb3 Qf5 20. Bf4
Nxc3 21. Qd3 Nxe2 22. Qxf5 Bxf5 23. Kxe2 Bxa1 24. Rxa1 Rac8 25. Rc1 Be6 26.
Bxd6 Bxc4+ 27. Ke1 Bxb3 28. Rxc8 Rxc8 29. axb3 f5 30. Be5 Kf7 31. Kd2 Ke6
32. Bd4 a6 33. f3 Rc7 34. e4 b5 35. b4 fxe4 36. fxe4 Rc4 {White resigns} 0-1

[Event "ICC tourney 2029 (45 10)"]
[Site "Internet Chess Club"]
[Date "2020.10.03"]
[Round "2"]
[White "buckleyoh"]
[Black "happyscientist"]
[Result "0-1"]
[ICCResult "White resigns"]
[WhiteElo "1430"]
[BlackElo "1688"]
[Opening "Four knights: Scotch, 4...exd4"]
[ECO "C47"]
[NIC "KP.06"]
[Time "13:32:28"]
[TimeControl "2700+10"]

1. e4 e5 2. Nf3 Nc6 3. Nc3 Nf6 4. d4 exd4 5. Nxd4 Bb4 6. Nxc6 bxc6 7. Bd3
O-O 8. O-O Re8 9. Bg5 h6 10. Bh4 g5 11. Bg3 Bxc3 12. bxc3 Nxe4 13. Bxe4 Rxe4
14. Qh5 Kg7 15. Rfe1 Rxe1+ 16. Rxe1 d6 17. f4 Be6 18. fxg5 Qxg5 19. Qxg5+
hxg5 20. a3 Rb8 21. Bf2 c5 22. Be3 Kf6 23. Rf1+ Kg6 24. Bc1 Bf5 25. Re1 Bxc2
26. Kf2 Rb3 27. Re7 Rxc3 28. Rxc7 Be4 29. Bd2 Rxa3 30. g3 a5 31. Rd7 d5 32.
Rd6+ f6 33. Ra6 a4 34. Rc6 c4 35. Bb4 Rb3 36. Be7 Kf7 37. Rc7 Ke6 38. Kg1 a3
39. Ra7 a2 {White resigns} 0-1

[Event "ICC tourney 2029 (45 10)"]
[Site "Internet Chess Club"]
[Date "2020.10.03"]
[Round "2"]
[White "wahoo"]
[Black "Niteshc"]
[Result "0-1"]
[ICCResult "White checkmated"]
[WhiteElo "1726"]
[BlackElo "1661"]
[Opening "Caro-Kann: exchange variation"]
[ECO "B13"]
[NIC "CK.02"]
[Time "13:32:30"]
[TimeControl "2700+10"]

1. e4 c6 2. d4 d5 3. exd5 cxd5 4. Nf3 Nc6 5. Nc3 Nf6 6. Bb5 a6 7. Ba4 b5 8.
Bb3 Bg4 9. Be3 e6 10. h3 Bh5 11. a3 Bd6 12. Qe2 O-O 13. O-O e5 14. Nxd5 e4
15. g4 Nxg4 16. Ng5 Nxe3 17. Qxh5 h6 18. Nxf7 Rxf7 19. Nxe3 Ra7 20. Qd5 Nxd4
21. Ba2 Ne2+ 22. Kh1 Qf6 23. Qxe4 Re7 24. Qg4 Qe5 25. Qg2 Nf4 26. Qf3 Ne6
27. Qg3 Qe4+ 28. Qg2 Rf3 29. Bd5 Rxh3+ 30. Kg1 Qxg2+ 31. Kxg2 Rh2+ 32. Kf3
Kh8 33. Ke2 Nf4+ 34. Kd2 Bc5 35. Ng4 Re2+ 36. Kd1 Rh4 37. Bf3 Re6 38. Kd2 h5
39. Ne3 Bxe3+ 40. fxe3 Rh2+ 41. Kc3 Rxe3+ 42. Kd4 Re7 43. Rh1 Rxc2 44. Bxh5
Rc4# {White checkmated} 0-1

[Event "ICC tourney 2029 (45 10)"]
[Site "Internet Chess Club"]
[Date "2020.10.03"]
[Round "2"]
[White "soggydollar"]
[Black "e4f5"]
[Result "0-1"]
[ICCResult "White resigns"]
[WhiteElo "1790"]
[BlackElo "2210"]
[Opening "Sicilian: Richter-Rauzer, 6...e6"]
[ECO "B62"]
[NIC "SI.27"]
[Time "13:32:31"]
[TimeControl "2700+10"]

1. e4 c5 2. Nf3 d6 3. d4 cxd4 4. Nxd4 Nf6 5. Nc3 Nc6 6. Bg5 e6 7. f4 Be7 8.
Nxc6 bxc6 9. Qf3 O-O 10. O-O-O d5 11. e5 Nd7 12. Bxe7 Qxe7 13. g4 Rb8 14.
Ne2 Qb4 15. Qc3 Qxc3 16. Nxc3 g5 17. fxg5 Nxe5 18. Be2 Rb4 19. a3 Rf4 20.
Rhf1 Ng6 21. Rxf4 Nxf4 22. Bd3 Nxd3+ 23. cxd3 f6 24. gxf6 Rxf6 25. Rd2 Rf4
26. Rg2 Ba6 27. Kc2 e5 28. Re2 e4 29. Kd2 Bxd3 30. Rg2 d4 31. Ne2 Bxe2 32.
Kxe2 c5 33. Rg1 e3 34. h3 Rf2+ 35. Kd3 Rd2+ 36. Kc4 e2 37. Re1 d3 38. Kxc5
Rd1 39. Kd4 Rxe1 40. Kxd3 Rb1 41. Kxe2 Rxb2+ 42. Kd3 Rb3+ 43. Ke4 Rxh3 44.
a4 Ra3 {White resigns} 0-1

[Event "ICC tourney 2029 (45 10)"]
[Site "Internet Chess Club"]
[Date "2020.10.03"]
[Round "2"]
[White "ved2006"]
[Black "ethanpu"]
[Result "1-0"]
[ICCResult "Black checkmated"]
[WhiteElo "1654"]
[BlackElo "1326"]
[Opening "Queen's pawn game, Chigorin variation"]
[ECO "D02"]
[NIC "QP.08"]
[Time "13:32:20"]
[TimeControl "2700+10"]

1. d4 d5 2. Nf3 Nc6 3. e3 Nf6 4. c4 e6 5. Nc3 Bb4 6. a3 Bxc3+ 7. bxc3 O-O 8.
Bd3 Re8 9. cxd5 exd5 10. h3 Ne4 11. Qc2 Bf5 12. O-O Qf6 13. Qb3 Nd6 14. Bxf5
Qxf5 15. a4 b6 16. Ba3 Ne4 17. Qc2 Nd6 18. Qxf5 Nxf5 19. Rac1 Na5 20. Nd2
Re6 21. c4 dxc4 22. Nxc4 Nb3 23. Rb1 Rc6 24. Ne5 Rc3 25. Bb4 Nbxd4 26. exd4
Rc2 27. Nf3 Ra2 28. Rfc1 Rc8 29. g4 Nh6 30. Bd6 c6 31. Ne5 Rxa4 32. Nxc6 f6
33. Ne7+ Kf7 34. Nxc8 Rxd4 35. Bg3 Ra4 36. Rc7+ Kg6 37. Rxa7 Rxa7 38. Nxa7
Nf7 39. Rxb6 Nd8 40. Nc6 Nxc6 41. Rxc6 Kf7 42. f4 g5 43. fxg5 fxg5 44. h4
gxh4 45. Bxh4 Kg7 46. Kf2 Kf7 47. Kf3 Kg7 48. Kf4 h6 49. Kf5 Kg8 50. Rc7 Kf8
51. Ke6 Kg8 52. Kf6 Kh8 53. Kg6 Kg8 54. Rc8# {Black checkmated} 1-0

[Event "ICC tourney 2029 (45 10)"]
[Site "Internet Chess Club"]
[Date "2020.10.03"]
[Round "2"]
[White "xyzchessdude"]
[Black "HenriVZ"]
[Result "1-0"]
[ICCResult "Black resigns"]
[WhiteElo "2043"]
[BlackElo "1696"]
[Opening "English opening"]
[ECO "A05"]
[NIC "QP.11"]
[Time "13:32:20"]
[TimeControl "2700+10"]

1. Nf3 Nf6 2. c4 c6 3. g3 d5 4. Bg2 e6 5. O-O Bd6 6. b3 Nbd7 7. Bb2 O-O 8.
cxd5 cxd5 9. Nc3 Ne5 10. Nb5 Nxf3+ 11. Bxf3 Bc5 12. d4 Be7 13. Qd3 a6 14.
Nc3 Bd7 15. a4 Qb6 16. Rfb1 Bb4 17. Na2 a5 18. Nxb4 axb4 19. Rc1 Rac8 20.
Rxc8 Rxc8 21. Rc1 Rxc1+ 22. Bxc1 Qa6 23. Qc2 Qb6 24. Qc5 Qxc5 25. dxc5 e5
26. Bd2 Bf5 27. Bxb4 Bc2 28. a5 Bxb3 29. c6 bxc6 30. a6 Nd7 31. Ba5 Nc5 32.
a7 {Black resigns} 1-0

[Event "ICC tourney 2029 (45 10)"]
[Site "Internet Chess Club"]
[Date "2020.10.03"]
[Round "2"]
[White "mancogu"]
[Black "PawnGrubber21"]
[Result "0-1"]
[ICCResult "White resigns"]
[WhiteElo "1570"]
[BlackElo "1776"]
[Opening "Sicilian: Najdorf, 7...Be7"]
[ECO "B98"]
[NIC "SI.09"]
[Time "13:32:27"]
[TimeControl "2700+10"]

1. e4 c5 2. Nf3 d6 3. d4 cxd4 4. Nxd4 Nf6 5. Nc3 a6 6. Bg5 e6 7. f4 Be7 8.
Qf3 Nc6 9. O-O-O Qc7 10. g4 b5 11. Nxc6 Qxc6 12. Bg2 Bb7 13. Rhe1 O-O 14.
Rd3 Qc7 15. Bxf6 Bxf6 16. g5 Be7 17. h4 b4 18. Nb1 Rac8 19. Qe2 a5 20. Rd2
Rfe8 21. f5 exf5 22. exf5 d5 23. Bxd5 Bxd5 24. Rxd5 Bf8 {White resigns} 0-1

[Event "ICC tourney 2029 (45 10)"]
[Site "Internet Chess Club"]
[Date "2020.10.03"]
[Round "2"]
[White "JACOBCHESS857"]
[Black "goodcrowdchess"]
[Result "0-1"]
[ICCResult "White resigns"]
[WhiteElo "1314"]
[BlackElo "1656"]
[Opening "Two knights defense"]
[ECO "C58"]
[NIC "KP.01"]
[Time "13:32:25"]
[TimeControl "2700+10"]

1. e4 e5 2. Nf3 Nc6 3. Bc4 Nf6 4. Ng5 d5 5. exd5 Na5 6. Bb5+ c6 7. dxc6 bxc6
8. Bd3 h6 9. Ne4 Nd5 10. Be2 Nf4 11. O-O Be7 12. d3 Nxe2+ 13. Qxe2 O-O 14.
Bd2 Nb7 15. f4 exf4 16. Bxf4 Qd4+ 17. Be3 Qxb2 18. Nbc3 Qa3 19. d4 Nd6 20.
Qd2 Nc4 21. Qe2 Ba6 22. Rf2 Rfe8 23. Bc1 Qa5 24. Qg4 Qd8 25. d5 cxd5 26.
Bxh6 g6 27. Rxf7 Qb6+ 28. Kh1 Kxf7 29. Rf1+ Kg8 30. Nxd5 Ne5 31. Nxb6 Nxg4
32. Rf4 Rad8 33. g3 Nxh6 34. Kg2 axb6 35. Kf3 Bb7 36. Kg2 {White resigns}
0-1

[Event "ICC tourney 2029 (45 10)"]
[Site "Internet Chess Club"]
[Date "2020.10.03"]
[Round "2"]
[White "jy2020"]
[Black "Heliosis"]
[Result "1-0"]
[ICCResult "Black resigns"]
[WhiteElo "2226"]
[BlackElo "1863"]
[Opening "Ruy Lopez: Anderssen variation"]
[ECO "C77"]
[NIC "RL.12"]
[Time "13:32:16"]
[TimeControl "2700+10"]

1. e4 e5 2. Nf3 Nc6 3. Bb5 a6 4. Ba4 Nf6 5. d3 b5 6. Bb3 Bc5 7. Nc3 d6 8.
Nd5 Nxd5 9. Bxd5 Bb7 10. Ng5 Qf6 11. O-O O-O 12. Kh1 Nd8 13. Bxb7 Nxb7 14.
c3 h6 15. Nh3 Qg6 16. f4 f5 17. d4 exd4 18. cxd4 Bb6 19. e5 Rad8 20. Be3
dxe5 21. fxe5 Qg4 22. Qxg4 fxg4 23. Rxf8+ Kxf8 24. Nf4 Ke7 25. Rc1 g5 26.
Ne2 Ke6 27. Kg1 Na5 28. b3 b4 29. Rf1 Kd5 30. Rf6 Nc6 31. Kf2 Bxd4 32. Nxd4
Nxd4 33. Bxd4 Kxd4 34. e6 Ke5 35. Rxh6 Re8 36. Rg6 Kf5 37. Rg7 Rxe6 38. Rxc7
Re5 39. Rf7+ Kg6 40. Rc7 Ra5 41. Rc2 Kf5 42. Kg3 Rd5 43. Rf2+ Kg6 44. Kxg4
Rd4+ 45. Kf3 Rd2 46. Rxd2 {Black resigns} 1-0

[Event "ICC tourney 2029 (45 10)"]
[Site "Internet Chess Club"]
[Date "2020.10.03"]
[Round "2"]
[White "arsenicblast"]
[Black "corviknight"]
[Result "1/2-1/2"]
[ICCResult "Game drawn by mutual agreement"]
[WhiteElo "2000"]
[BlackElo "1809"]
[Opening "Giuoco Piano"]
[ECO "C50"]
[NIC "IG.02"]
[Time "13:32:26"]
[TimeControl "2700+10"]

1. e4 e5 2. Nf3 Nc6 3. Bc4 Bc5 4. O-O Nf6 5. d3 d6 6. c3 O-O 7. Nbd2 a6 8.
Bb3 Ba7 9. h3 h6 10. Re1 Nh5 11. Nf1 Qf6 12. Be3 Nf4 13. d4 Ne7 14. Ng3 Neg6
15. Bc2 Nh4 16. Nxh4 Qxh4 17. Qf3 g6 18. Ne2 g5 19. Qg3 Nxe2+ 20. Rxe2 Qxg3
21. fxg3 Be6 22. d5 Bxe3+ 23. Rxe3 Bd7 24. g4 Kg7 25. c4 b6 26. Kh2 Kg6 27.
Bd1 f6 28. Be2 a5 29. a4 Rf7 30. b3 Rh7 31. g3 Rhh8 32. Rf1 Rhf8 33. Kg2 Rf7
34. Rc3 Rff8 35. Rcc1 Kg7 36. Rf2 Kg6 {Game drawn by mutual agreement}
1/2-1/2

[Event "ICC tourney 2029 (45 10)"]
[Site "Internet Chess Club"]
[Date "2020.10.03"]
[Round "2"]
[White "Theutltl"]
[Black "hpu2005"]
[Result "0-1"]
[ICCResult "White resigns"]
[WhiteElo "1280"]
[BlackElo "1887"]
[Opening "Hungarian defense"]
[ECO "C50"]
[NIC "IG.03"]
[Time "13:32:26"]
[TimeControl "2700+10"]

1. e4 e5 2. Nf3 Nc6 3. Bc4 Be7 4. O-O Nf6 5. Re1 O-O 6. c3 d6 7. d3 Bg4 8.
Nbd2 Nd7 9. h3 Be6 10. Bxe6 fxe6 11. Nf1 Nb6 12. Ng3 Qe8 13. Bg5 Qg6 14.
Bxe7 Nxe7 15. Qd2 h6 16. Rf1 Qf7 17. Kh2 Ng6 18. b4 Nf4 19. Ne2 Nd7 20. Nxf4
exf4 21. Rg1 Qh5 22. Qd1 Ne5 23. Nxe5 Qxe5 24. d4 Qxe4 25. Re1 Qd5 26. Qb3
Qxb3 27. axb3 Rfe8 28. Re4 g5 29. h4 Kf7 30. g3 e5 31. dxe5 Rxe5 32. Rxe5
dxe5 33. hxg5 hxg5 34. gxf4 gxf4 35. Rd1 Ke7 36. Kg2 Rd8 37. Rxd8 Kxd8 38.
Kf3 Ke7 39. Ke4 Ke6 40. f3 c6 41. c4 b6 42. Kd3 Kf5 43. b5 c5 44. Ke2 e4 45.
Kf2 exf3 46. Kxf3 Ke5 47. Ke2 Kd4 48. Kd2 f3 49. Ke1 Ke3 50. Kf1 f2 51. b4
cxb4 {White resigns} 0-1

[Event "ICC tourney 2029 (45 10)"]
[Site "Internet Chess Club"]
[Date "2020.10.03"]
[Round "2"]
[White "sirking2800"]
[Black "wulovechess"]
[Result "1-0"]
[ICCResult "Black resigns"]
[WhiteElo "2007"]
[BlackElo "1570"]
[Opening "Ruy Lopez: 5.O-O"]
[ECO "C78"]
[NIC "RL.12"]
[Time "13:32:16"]
[TimeControl "2700+10"]

1. e4 e5 2. Nf3 Nc6 3. Bb5 a6 4. Ba4 Nf6 5. O-O b5 6. Bb3 Bc5 7. Nxe5 Nxe5
8. d4 Bxd4 9. Qxd4 d6 10. Bd5 c5 11. Qd1 Rb8 12. Bg5 O-O 13. h3 h6 14. Bh4
Be6 15. f4 Ng6 16. Bxf6 Qxf6 17. f5 Bxd5 18. Qxd5 Qxb2 19. Nd2 Ne7 20. Qxd6
Rbd8 21. Qxe7 Rxd2 22. Qh4 a5 23. Rae1 Qxa2 24. Re3 Kh7 25. Rg3 Rg8 26. e5
Qxc2 27. f6 g6 28. e6 Qc4 29. Qxc4 bxc4 30. e7 Re8 31. Rc3 a4 32. Rxc4 a3
33. Rxc5 a2 34. Ra5 Rb2 35. Kh2 Rc2 36. Rd1 Rc6 37. Rd8 Rc8 38. Rxc8 Rxc8
39. Rxa2 g5 40. Rd2 {Black resigns} 1-0

[Event "ICC tourney 2029 (45 10)"]
[Site "Internet Chess Club"]
[Date "2020.10.03"]
[Round "2"]
[White "danaglin"]
[Black "odlepikachu"]
[Result "0-1"]
[ICCResult "White resigns"]
[WhiteElo "1639"]
[BlackElo "1953"]
[Opening "Robatsch (modern) defense"]
[ECO "B06"]
[NIC "KF.05"]
[Time "13:32:18"]
[TimeControl "2700+10"]

1. e4 g6 2. d4 Bg7 3. Nf3 d6 4. Bd3 a6 5. O-O Nd7 6. c3 b6 7. Bf4 Bb7 8.
Nbd2 Ngf6 9. Re1 O-O 10. Ng5 h6 11. Ngf3 c5 12. e5 dxe5 13. dxe5 Nd5 14. Bg3
e6 15. Ne4 Bc6 16. Nd6 b5 17. b3 Nxc3 18. Qc2 Nd5 19. Bxg6 fxg6 20. Qxg6 Nf4
21. Bxf4 Rxf4 22. Qxe6+ Kf8 23. Nf5 Bxf3 24. gxf3 Qg5+ 25. Ng3 Nxe5 26. Qd6+
Qe7 27. Qd2 Nxf3+ {White resigns} 0-1

[Event "ICC tourney 2029 (45 10)"]
[Site "Internet Chess Club"]
[Date "2020.10.03"]
[Round "2"]
[White "avats"]
[Black "Kausy"]
[Result "0-1"]
[ICCResult "White resigns"]
[WhiteElo "1594"]
[BlackElo "1798"]
[Opening "Giuoco Pianissimo: Italian four knights variation"]
[ECO "C50"]
[NIC "IG.02"]
[Time "13:32:23"]
[TimeControl "2700+10"]

1. e4 e5 2. Nf3 Nc6 3. Bc4 Bc5 4. d3 Nf6 5. Nc3 O-O 6. O-O h6 7. h3 d6 8.
Be3 Bb6 9. Qd2 Kh7 10. Nd5 Nxd5 11. Bxd5 Ne7 12. Bb3 f5 13. exf5 Nxf5 14.
Bxb6 axb6 15. Rae1 Nh4 16. Nxh4 Qxh4 17. Re4 Qf6 18. Ree1 Qg6 19. Kh1 Rf4
20. Re3 Bd7 21. f3 Raf8 22. Kh2 Qf5 23. Rfe1 Bc6 24. R3e2 Rh4 25. Rf2 Qh5
26. Qe3 Rf6 27. Ref1 Rff4 28. Be6 Rf5 29. Bxf5+ Qxf5 30. f4 e4 31. g4 Qxg4
32. Qg3 Qh5 33. dxe4 Bxe4 34. f5 Qg5 35. Qxg5 hxg5 36. Kg3 Kg8 37. c3 Kf7
38. f6 g6 39. Re1 d5 40. Rd1 Bf5 41. Rh2 c6 42. Rd4 Rh8 43. Rb4 b5 44. a4
Kxf6 45. axb5 c5 46. Ra4 Re8 47. Ra7 Re7 48. Rd2 Re3+ 49. Kf2 Rxh3 50. Rxd5
g4 51. Ra1 Kg5 52. Rxc5 Kh4 53. Ra4 Rh2+ 54. Ke3 Kh3 55. b4 g3 56. Ra1 g2
57. Rd5 Rh1 58. Rdd1 Kh2 59. Kf2 g5 60. Rg1 Bh3 61. c4 g4 62. Rxh1+ gxh1=Q
63. Rxh1+ Kxh1 64. Kg3 Bf1 65. Kxg4 Bxc4 66. b6 Kg2 67. Kf4 Bd5 68. Ke5 Bc6
69. Kd6 Kf3 70. Kc7 Ke3 71. b5 Be4 72. Kd7 Kd4 73. Kd6 Kc4 74. Ke5 Bh1 75.
Kf4 Kxb5 76. Ke3 Kxb6 {White resigns} 0-1

[Event "ICC tourney 2029 (45 10)"]
[Site "Internet Chess Club"]
[Date "2020.10.03"]
[Round "2"]
[White "dmutalam"]
[Black "chessmilano"]
[Result "0-1"]
[ICCResult "White resigns"]
[WhiteElo "1526"]
[BlackElo "1698"]
[Opening "French: advance, Euwe variation"]
[ECO "C02"]
[NIC "FR.03"]
[Time "13:32:22"]
[TimeControl "2700+10"]

1. e4 e6 2. d4 d5 3. e5 c5 4. c3 Nc6 5. Nf3 Bd7 6. Be2 Qc7 7. Be3 Nge7 8.
O-O Nf5 9. Na3 a6 10. Bd3 cxd4 11. cxd4 Be7 12. Bxf5 exf5 13. Rc1 O-O 14.
Qb3 Be6 15. h3 Qd7 16. Rfd1 Rac8 17. Qa4 f6 18. exf6 Bxf6 19. Qb3 b5 20. Bg5
Qe7 21. Bxf6 Qxf6 22. Qe3 f4 23. Qd2 Qg6 24. Rxc6 Rxc6 25. Ne5 Qe8 26. Nxc6
Qxc6 27. Rc1 Qd7 28. f3 Rf6 29. Rf1 Bxh3 30. gxh3 Rg6+ 31. Kf2 Qxh3 32. Ke2
Re6+ 33. Kd1 Qxf1+ {White resigns} 0-1

[Event "ICC tourney 2029 (45 10)"]
[Site "Internet Chess Club"]
[Date "2020.10.03"]
[Round "2"]
[White "KittiesRock18"]
[Black "outpost"]
[Result "1-0"]
[ICCResult "Black checkmated"]
[WhiteElo "1555"]
[BlackElo "1631"]
[Opening "Sicilian: Kan, 5.Nc3"]
[ECO "B43"]
[NIC "SI.41"]
[Time "13:32:25"]
[TimeControl "2700+10"]

1. e4 c5 2. Nf3 e6 3. d4 cxd4 4. Nxd4 a6 5. Nc3 Qc7 6. Be2 b5 7. a3 Bb7 8.
Qd3 Nf6 9. Bg5 Be7 10. O-O h5 11. Qh3 Nc6 12. Nb3 O-O-O 13. Be3 Rdg8 14. f4
Ne8 15. Rfd1 g5 16. fxg5 Bxg5 17. Bf2 Nf6 18. Nc5 Ne5 19. Bxb5 Neg4 20.
Bxd7+ Kb8 21. Qg3 Bf4 22. Qxf4 Qxf4 23. Bg3 Qxg3 24. hxg3 Ne3 25. Rd6 Kc7
26. Nxb7 Nxd7 27. Nd1 Nc4 28. Rd4 Nce5 29. Nd6 Rxg3 30. Kf2 Rhg8 31. Ne3 Nc6
32. Ne8+ Kd8 33. Rd6 Kxe8 34. Rxc6 Ke7 35. Rxa6 Nf6 36. Ra7+ Kd6 37. Rxf7
Nxe4+ 38. Ke2 R3g5 39. Rd1+ Kc6 40. Rd4 Ng3+ 41. Kd3 e5 42. Rc4+ Kd6 43.
Rf6+ Kd7 44. Ra4 e4+ 45. Kc3 Ke7 46. Rb6 Ne2+ 47. Kd2 Nf4 48. Ra7+ Kf8 49.
Rb8# {Black checkmated} 1-0

[Event "ICC tourney 2029 (45 10)"]
[Site "Internet Chess Club"]
[Date "2020.10.03"]
[Round "2"]
[White "Gfprasanna"]
[Black "VincentT2008"]
[Result "1-0"]
[ICCResult "Black resigns"]
[WhiteElo "2138"]
[BlackElo "1799"]
[Opening "Giuoco Pianissimo: Italian four knights variation"]
[ECO "C55"]
[NIC "IG.01"]
[Time "13:32:45"]
[TimeControl "2700+10"]

1. e4 e5 2. Nf3 Nc6 3. Bc4 Nf6 4. d3 Bc5 5. Nc3 h6 6. Be3 Bb6 7. h3 d6 8. d4
O-O 9. O-O Re8 10. dxe5 dxe5 11. Bxb6 axb6 12. Qxd8 Rxd8 13. Bd5 Nb4 14. Bb3
Nc6 15. Rfe1 Be6 16. Bxe6 fxe6 17. Nb5 Rd7 18. c3 Rad8 19. Kf1 Ne8 20. g3
Nd6 21. Nxd6 cxd6 22. Rad1 Ra8 23. a3 Rad8 24. Rd3 Kf8 25. Nd2 b5 26. Nb3 b6
27. Red1 d5 28. Ke2 Ke8 29. f3 Ne7 30. exd5 exd5 31. Re3 Nc6 32. Nd4 Nxd4+
33. cxd4 Rc8 34. Rxe5+ Kf7 35. Kd3 Rc4 36. Rde1 Rc6 37. Rf5+ Kg6 38. Ree5
Rcd6 39. h4 Rf6 40. Rxf6+ gxf6 41. Re6 Rc7 42. Rxb6 {Black resigns} 1-0

[Event "ICC tourney 2029 (45 10)"]
[Site "Internet Chess Club"]
[Date "2020.10.03"]
[Round "2"]
[White "JunlinTheWorld"]
[Black "isabellahall"]
[Result "1-0"]
[ICCResult "Black checkmated"]
[WhiteElo "1875"]
[BlackElo "1452"]
[Opening "Sicilian: O'Kelly variation"]
[ECO "B28"]
[NIC "SI.43"]
[Time "13:32:26"]
[TimeControl "2700+10"]

1. e4 c5 2. Nf3 a6 3. Be2 e6 4. Nc3 Qc7 5. O-O Nc6 6. d4 cxd4 7. Nxd4 Bb4 8.
Nxc6 Bxc3 9. bxc3 Qxc6 10. Qd4 Nf6 11. Bg5 d6 12. Bxf6 gxf6 13. Qxf6 Rg8 14.
Bh5 Qc7 15. Rad1 Qe7 16. Qxe7+ Kxe7 17. Rd3 b5 18. Rfd1 Rd8 19. e5 d5 20.
Rf3 Rf8 21. Rf6 Ra7 22. Rd3 Rc7 23. Rdf3 Ke8 24. h3 d4 25. cxd4 Rxc2 26. a3
Bb7 27. Rxe6+ Kd8 28. Rxf7 Rxf7 29. Bxf7 Rd2 30. Re8+ Kd7 31. e6+ Kd6 32.
Rd8+ Kc7 33. Rd7+ Kc8 34. Rxb7 Kxb7 35. e7 Re2 36. e8=Q Rxe8 37. Bxe8 Kc7
38. f4 Kd6 39. f5 Ke7 40. Bc6 Kf6 41. g4 Ke7 42. d5 Kf6 43. h4 h6 44. Kf2
Ke7 45. g5 hxg5 46. hxg5 a5 47. f6+ Kf7 48. d6 b4 49. axb4 axb4 50. d7 b3
51. d8=Q b2 52. Qe8# {Black checkmated} 1-0